[Event "15th Paleochora Open 2022"]
[Site "Paleochora"]
[Date "2022.07.19"]
[Round "4.6"]
[White "Meshkovs, Nikita"]
[Black "Pap, Misa"]
[Result "1-0"]
[ECO "C65"]
[WhiteElo "2535"]
[BlackElo "2375"]
[Annotator "TA"]
[PlyCount "93"]
[EventDate "2022.07.17"]
[EventType "swiss"]
[EventCountry "GRE"]
[SourceTitle "playchess.com"]
[Source "ChessBase"]
[SourceQuality "1"]
[TimeControl "40/5400+30:900+30"]

1. e4 e5 2. Nf3 Nc6 3. Bb5 Nf6 4. d3 Bc5 5. O-O Nd4 6. Nxd4 Bxd4 7. c3 {[%emt 0:00:13] C65: Ruy Lopez: Berlin Defence (3...Nf6), unusual lines and 4 0-0 Bc5.} Bb6 8. Ba4 {[%emt 0:03:38] 8.Na3 is the recent fashion.} O-O 9. Bg5 {[%emt 0:09:57] The position is equal.} h6 10. Bh4 d6 11. Nd2 g5 12. Bg3 Bg4 $36 {[%emt 0:00:05][%mdl 2048] Black fights for an advantage.} 13. Qe1 Nh5 {[%emt 0:00:24] [#]} 14. Nc4 $146 ({Predecessor:} 14. Bd1 Bxd1 15. Qxd1 Ng7 16. Nc4 f5 17. exf5 Nxf5 18. a4 a6 19. Qb3 Kh8 20. Nxb6 cxb6 {1-0 (44) Karjakin,S (2754)-Anand,V (2757) Bucharest 2019}) 14... Nf4 15. Bc2 Be6 16. Kh1 Qf6 17. f3 (17. Nxb6 $11 axb6 18. a3) 17... Bxc4 $15 18. dxc4 a5 19. Bf2 Bxf2 20. Rxf2 Kh8 21. g3 Ne6 22. Qe3 a4 23. Bd3 Nc5 24. Raf1 Rae8 25. Bc2 Qe7 (25... Rg8 {seems wilder.} 26. f4 gxf4 27. gxf4 Qg6) 26. Qd2 (26. f4 {keeps more tension.} exf4 27. gxf4 Nxe4 28. Rg2) 26... f6 27. Qd1 Qd7 28. Rg2 Kg7 29. Re1 Ra8 30. f4 $1 Qf7 31. b4 axb3 $1 32. axb3 Ra3 33. Rf1 Qe7 34. h4 Raa8 (34... Rfa8 $11) 35. b4 $14 Ne6 (35... Nd7 $14) 36. c5 ({White should play} 36. f5 $16) 36... dxc5 {[%emt 0:00:42] [#]} (36... exf4 $11 {remains equal.} 37. gxf4 dxc5) 37. f5 $1 $16 Rfd8 (37... Nd8 $16 {is a better defense.}) 38. Qh5 $18 {[%emt 0:00:33] Strongly threatening Qg6+.} Nf8 {[%emt 0:01:09] Prevents Qg6+.} (38... Qe8 39. Qxe8 Rxe8) 39. hxg5 hxg5 $2 (39... Kh8 40. Rh2 (40. Qxh6+ Qh7 $16) 40... Qg7) 40. Rh2 {[%emt 0:00:00] Intending Bb3 and mate.} c4 {[%emt 0:00:00] [#] Against Bb3} 41. Bd1 $1 Rxd1 42. Rxd1 Ra6 43. Qh8+ ({Not} 43. b5 Rd6 44. Qh8+ Kf7 45. Qh5+ Kg7 $16) 43... Kf7 {[%emt 0:00:01] [#]} 44. Rh7+ $1 Nxh7 45. Qxh7+ Kf8 46. Qh8+ Kf7 47. Rd8 {[%emt 0:00:11] Weighted Error Value: White=0.11 (very precise) /Black=0.48} 1-0

[Event "15th Paleochora Open 2022"]
[Site "Paleochora"]
[Date "2022.07.19"]
[Round "4.7"]
[White "Bulmaga, Irina"]
[Black "Kourkoulos-Arditis, Stamatis"]
[Result "0-1"]
[ECO "C45"]
[WhiteElo "2394"]
[BlackElo "2535"]
[Annotator "TA"]
[PlyCount "106"]
[EventDate "2022.07.17"]
[EventType "swiss"]
[EventCountry "GRE"]
[SourceTitle "playchess.com"]
[Source "ChessBase"]
[SourceQuality "1"]
[TimeControl "40/5400+30:900+30"]

1. e4 e5 2. Nf3 Nc6 3. d4 exd4 4. Nxd4 Bc5 5. Nb3 Bb6 6. Qe2 {[%emt 0:00:17] C45: Scotch Game.} Nge7 7. Be3 O-O 8. Nc3 {[%emt 0:01:12] White is slightly better.} f5 9. Bxb6 axb6 10. O-O-O fxe4 11. Qxe4 d6 12. f4 (12. Bd3 Bf5 13. Qh4 Bxd3 14. Rxd3 Qe8 $11) 12... Bg4 13. Bc4+ (13. Bd3 Ng6 14. Rdf1 Kh8 $11) 13... Kh8 $1 14. Rd2 {[%emt 0:02:21] [#]} Ng8 $146 ({Predecessor:} 14... Ng6 15. g3 Re8 16. Qg2 Re3 17. Be2 Bf5 18. Bf3 b5 19. Nd5 Re8 20. Kb1 Na5 21. Nxa5 Rxa5 {½-½ (33) Ducarmon,Q (2410)-Bok,B (2525) Netherlands 2013}) 15. a3 Qh4 16. g3 Qh5 17. Qd5 Qh6 18. h3 Bd7 19. Qg2 Nce7 20. Nd4 (20. Qxb7 $2 Bc6 21. Qxc7 Bxh1 $19) ({Better is} 20. Re1 $14) 20... c6 $11 21. Nf3 b5 22. Bb3 d5 23. Ng5 (23. Kb1 $11 {remains equal.}) 23... b4 $1 $17 24. axb4 {[%emt 0:01:51] [#]} Qd6 $1 25. Qe4 {[%emt 0:07:39] White does not recover from this.} (25. Na2 $17) 25... Nf5 (25... dxe4 26. Rxd6 Nf6 27. Rhd1 (27. Ngxe4 Nxe4 28. Rxd7 Ra1+ 29. Nb1 Nxg3 $14) (27. Nf7+ Rxf7 28. Bxf7 Nf5 $16) 27... Ra1+ 28. Kd2 $16) 26. Qd3 Nf6 ({Weaker is} 26... Qxb4 27. Na2 $19) 27. Kb1 {[%emt 0:02:03] Prevents Ra1+.} Qxb4 {[%emt 0:00:26] Strongly threatening ...h6.} 28. g4 Qxf4 ({Wrong is} 28... Qa5 $2 29. Kc1 h6 30. gxf5 $19) 29. Rf1 $2 (29. Nxh7 Nxh7 30. gxf5) 29... Qxg5 $19 30. gxf5 Rae8 31. Rdf2 Re5 32. Rf4 Nh5 33. Rg4 Qe7 34. Rgg1 Rexf5 35. Re1 Re5 36. Rxe5 Qxe5 37. h4 Bf5 38. Qd2 Qf4 39. Qe1 Bg6 40. Ne2 Qe3 {[%emt 0:00:00] [#] White must now prevent ...Re8.} 41. Rf1 Re8 42. Qb4 {[%emt 0:00:07] White wants to mate with Rf8+.} h6 ({Don't go for} 42... c5 $2 43. Qb5 Nf6 44. Nf4 $19) 43. Nc3 Ng3 44. Rd1 (44. Rf8+ $142 Rxf8 45. Qxf8+ Kh7 46. Ka2) 44... b5 {[%emt 0:05:32] Hoping for ...Bh5.} 45. Qd6 Re6 {[%emt 0:00:29] Black is clearly winning.} 46. Qb8+ Kh7 47. Ka2 Re8 48. Qd6 Bh5 49. Rd3 Ra8+ 50. Ba4 Ne4 51. Qxc6 Nxc3+ 52. Rxc3 Rxa4+ 53. Kb3 Qe8 {[%emt 0:01:10] Weighted Error Value: White=0.44/Black=0.19 (very precise)} 0-1

[Event "15th Paleochora Open 2022"]
[Site "Paleochora"]
[Date "2022.07.19"]
[Round "4.8"]
[White "David, Alberto"]
[Black "Godzwon, Iwo"]
[Result "1/2-1/2"]
[ECO "B30"]
[WhiteElo "2534"]
[BlackElo "2336"]
[Annotator "TA"]
[PlyCount "95"]
[EventDate "2022.07.17"]
[EventType "swiss"]
[EventCountry "GRE"]
[SourceTitle "playchess.com"]
[Source "ChessBase"]
[SourceQuality "1"]
[TimeControl "40/5400+30:900+30"]

1. e4 c5 2. Nf3 Nc6 3. Bb5 Nf6 4. Bxc6 dxc6 5. d3 Bg4 6. Nbd2 {[%emt 0:04:47] B30: Sicilian: 2...Nc6 3 Bb5, lines without ...g6.} Nd7 7. h3 Bh5 8. g4 Bg6 9. e5 e6 10. Qe2 {[%emt 0:00:25] [#]} Qc7 $146 ({Predecessor:} 10... Be7 11. Ne4 Bxe4 12. Qxe4 Qb6 13. c4 Qb4+ 14. Kf1 Rd8 15. g5 Nb6 16. h4 Rd7 {1-0 (27) Kovachev,D (2308)-Laverton,C (2133) Stavanger 2017}) 11. a3 O-O-O 12. Nc4 (12. Nb3 $15) 12... b5 $17 13. Nd6+ Bxd6 14. exd6 Qxd6 15. Be3 Qd5 $1 {[%emt 0:11:48] ...Ne5 is the strong threat.} 16. Rg1 Nb6 17. Nd2 Na4 18. b3 {[%emt 0:00:07] [#]} Qe5 $1 $36 {[%emt 0:00:50][%mdl 2048] Black is really pushing.} 19. Rc1 Nc3 20. Qf3 Qd5 21. Qxd5 (21. Kf1 $15) 21... exd5 ({Don't play} 21... Rxd5 $6 22. f3 $11) 22. Bxc5 Rhe8+ 23. Kf1 Ne2 24. Ra1 Nxg1 $19 25. Kxg1 Re2 26. Rd1 a6 27. Kf1 Ree8 (27... Rde8 $142 28. Be3 R8xe3 29. fxe3 Rh2) 28. Nf3 h5 29. a4 bxa4 30. bxa4 Kd7 31. a5 Rb8 {[%emt 0:00:29] Prevents Rb1.} 32. Bb6 (32. Nd4 $17 {was called for.}) 32... hxg4 33. hxg4 {[%emt 0:00:03] [#]} c5 {[%emt 0:00:46] Inhibits Nd4.} (33... Kd6 $1 $19 {is more deadly.} 34. c4 f6) 34. Bxc5 $17 Rbc8 35. Bd4 Rxc2 {[%emt 0:02:16] And now ...f6 would win.} 36. Bxg7 Ra2 ({Black should try} 36... Kd6 $17 {White must now prevent ...Ra2.} 37. Bf6 Ra2) 37. Ne5+ $1 $11 Kd6 38. Rb1 (38. f4 $11 {keeps the balance.}) 38... Rxa5 (38... Rxe5 $17 39. Rb6+ Kc5 40. Bxe5 Bxd3+ 41. Kg2 d4) 39. Rb6+ $15 Kc7 40. Rc6+ Kb7 41. Rd6 $1 Rc5 42. f4 Rxe5 43. Bxe5 {[%emt 0:02:09] Hoping for f5.} Bxd3+ $11 {[%emt 0:00:03] KRB-KRB} 44. Kf2 {[%emt 0:00:07] With the idea Rf6.} Rc7 45. Rd8 Re7 {[%emt 0:00:03] The position is equal.} 46. Rxd5 Bb5 47. f5 Rd7 (47... Kc6 $5 48. Rd6+ Kc5 $11) 48. Rxd7+ {[%emt 0:15:01] Weighted Error Value: White=0.19 (very precise) /Black=0.19 (very precise)} 1/2-1/2

[Event "15th Paleochora Open 2022"]
[Site "Paleochora"]
[Date "2022.07.19"]
[Round "4.9"]
[White "Maltsevskaya, Aleksandra"]
[Black "Grigorov, Grigor"]
[Result "1/2-1/2"]
[ECO "B15"]
[WhiteElo "2378"]
[BlackElo "2511"]
[Annotator "TA"]
[PlyCount "48"]
[EventDate "2022.07.17"]
[EventType "swiss"]
[EventCountry "GRE"]
[SourceTitle "playchess.com"]
[Source "ChessBase"]
[SourceQuality "1"]
[TimeControl "40/5400+30:900+30"]

1. e4 c6 2. d4 d5 3. Nc3 dxe4 4. Nxe4 Nf6 5. Nxf6+ exf6 6. c3 Bd6 7. Bd3 Na6 {[%emt 0:00:12][%cal Bb8a6,Ba6c7,Bc7d5][%mdl 32] B15: Caro-Kann: 3 Nc3: 3...g6 and 3...dxe4 4 Nxe4 Nf6 5 Nxf6+ exf6.} 8. Ne2 Nc7 9. O-O O-O 10. Bf4 Nd5 11. Bxd6 Qxd6 {[%emt 0:00:08] [#]} 12. Ng3 $146 ({Predecessor:} 12. Qd2 Bg4 13. Ng3 Rfe8 14. Rfe1 Nf4 15. Bf1 h5 16. h3 Bd7 17. Ne4 Qc7 18. Nc5 {1-0 (43) Sjugirov,S (2661)-Matlakov,M (2680) Moscow 2021}) 12... g6 13. Ne4 Qd8 14. Bc4 Nc7 15. Qf3 Kg7 16. Rad1 f5 17. Nc5 Qd6 18. Rfe1 b6 19. Nd3 Bd7 20. h4 Rae8 21. Nf4 Rxe1+ {[%emt 0:00:57] The position is equal.} 22. Rxe1 Re8 23. Re3 Rxe3 24. Qxe3 Ne8 {[%emt 0:00:39] Weighted Error Value: White=0.07 (flawless) /Black=0.05 (flawless)} 1/2-1/2

[Event "15th Paleochora Open 2022"]
[Site "Paleochora"]
[Date "2022.07.19"]
[Round "4.10"]
[White "Mitsis, Georgios"]
[Black "Yankelevich, Lev"]
[Result "1/2-1/2"]
[ECO "E71"]
[WhiteElo "2334"]
[BlackElo "2496"]
[Annotator "TA"]
[PlyCount "29"]
[EventDate "2022.07.17"]
[EventType "swiss"]
[EventCountry "GRE"]
[SourceTitle "playchess.com"]
[Source "ChessBase"]
[SourceQuality "1"]
[TimeControl "40/5400+30:900+30"]

1. d4 Nf6 2. c4 d6 3. Nc3 g6 4. e4 Bg7 5. h3 Nbd7 6. Be3 {[%emt 0:01:37] E71: King's Indian: 4 e4 d6 5 h3.} e5 7. d5 Nc5 8. f3 Nh5 9. Nge2 {[%emt 0:00:39] Prevents Ng3.} f5 10. exf5 $1 gxf5 11. Qd2 {[%emt 0:04:34] [#]} Qh4+ $146 (11... f4 $5 12. Bxc5 dxc5 $11) ({Predecessor:} 11... O-O 12. O-O-O b5 13. cxb5 a6 14. g4 Nf6 15. Bxc5 dxc5 16. Ng3 axb5 17. Bxb5 Qd6 {1-0 (60) Ergazakis,I (2306)-Theodorou,N (2569) Kavala 2021}) 12. Bf2 Qf6 ({Not} 12... Qxc4 13. Nd4 $1 Qb4 14. a3 $1 $18) 13. Be3 {[%emt 0:12:59] Against Bh6} (13. b4 $14 Na6 14. Rb1) 13... Qh4+ (13... f4 $11 14. Bxc5 dxc5) 14. Bf2 $14 Qf6 ({Don't take} 14... Qxc4 {[#]} 15. Nd4 $1 Qb4 16. a3 $1 $18) 15. Be3 {[%emt 0:08:39] Inhibits Bh6.  Weighted Error Value: White=0.15 (very precise) /Black=0.07 (flawless)} (15. b4 $14 Na6 16. Rb1) 1/2-1/2

[Event "15th Paleochora Open 2022"]
[Site "Paleochora"]
[Date "2022.07.19"]
[Round "4.11"]
[White "Nevednichy, Vladislav"]
[Black "Eden, James"]
[Result "1-0"]
[ECO "C54"]
[WhiteElo "2473"]
[BlackElo "2258"]
[Annotator "TA"]
[PlyCount "95"]
[EventDate "2022.07.17"]
[EventType "swiss"]
[EventCountry "GRE"]
[SourceTitle "playchess.com"]
[Source "ChessBase"]
[SourceQuality "1"]
[TimeControl "40/5400+30:900+30"]

1. e4 e5 2. Nf3 Nc6 3. Bc4 Nf6 4. d3 Bc5 5. O-O O-O 6. h3 d6 7. c3 a6 8. Bb3 Ba7 9. Re1 h6 10. Nbd2 Nh5 11. Nf1 Qf6 12. Be3 Nf4 13. Kh2 {[%emt 0:03:02] C54: Giuoco Piano: 4 c3 Nf6, main lines with 5 d4 and 5 d3.} g5 14. Bxa7 Rxa7 {[%emt 0:00:28] [#]} 15. Ne3 $146 {[%emt 0:00:13] White is slightly better.} ({Predecessor:} 15. Ng1 g4 16. g3 Nxh3 17. Nxh3 gxh3 18. Qe2 Ne7 19. Bd1 Qg5 20. Qh5 f5 21. exf5 Qxh5 22. Bxh5 Rxf5 23. Bg4 Rxf2+ 24. Kxh3 Bxg4+ 25. Kxg4 Rxb2 26. d4 Nc6 {0-1 (26) Nogueira,D (1671)-Marques,R (1823) Luso 2018}) 15... Ne7 16. Ng1 Kh8 17. g3 Rg8 18. Qf3 Ra8 19. gxf4 gxf4 20. Ng2 Rg5 21. Ne2 (21. d4 $142) 21... h5 (21... Ng6 $16 {was worth a try.}) 22. Ngxf4 $1 $18 Bg4 $2 (22... exf4 23. Qxf4 Qxf4+ 24. Nxf4 Ng6) 23. Qe3 (23. hxg4 $142 Rxg4 24. Rg1 $1 (24. Qh3 Rh4 $14) 24... Rh4+ 25. Kg2 (25. Qh3 $2 exf4 26. Nd4 Rxh3+ 27. Kxh3 f3 $19) 25... Rg8+ 26. Kf1) 23... Rag8 $2 {[%emt 0:02:54] [#]} (23... exf4 24. Qxf4 Qxf4+ 25. Nxf4 Bd7) 24. Rg1 $1 exf4 25. Nxf4 Bd7 26. Rxg5 Rxg5 27. Rg1 Rxg1 28. Kxg1 h4 29. Kh2 Kh7 30. Ng2 Be6 31. Bc2 Kg7 32. d4 Bc4 (32... Bxa2 $142 33. f4 Kf8) 33. e5 dxe5 34. dxe5 Qh6 35. Qxh6+ Kxh6 36. Nxh4 Bxa2 {[%emt 0:00:10][%mdl 4096] Endgame KBN-KBN} 37. f4 Nd5 (37... a5 {was called for.} 38. Bd3 Nd5) 38. Kg3 Ne3 $2 (38... Nb6 39. Kg4 Nc4) 39. Nf5+ Nxf5+ 40. Bxf5 {[%emt 0:00:00] KB-KB} a5 (40... Kg7 $142 41. Bc8 Bd5) 41. Bd7 Bc4 42. f5 Kg7 43. Kf4 b5 44. h4 {[%emt 0:03:24] Black must now prevent Kg5.} b4 45. cxb4 axb4 46. Bc6 (46. Kg5 $142 Bf1 47. h5 Kh8 48. h6 Bh3 49. Be8 Kg8 {[#]} 50. Bxf7+ $1 Kxf7 51. h7) 46... Kh6 47. Ke4 Kh5 48. Bd5 {[%emt 0:00:09] Weighted Error Value: White=0.33/Black=1.16} 1-0

[Event "15th Paleochora Open 2022"]
[Site "Paleochora"]
[Date "2022.07.19"]
[Round "4.12"]
[White "Antic, Dejan"]
[Black "Hristodoulou, Panagiotis"]
[Result "1/2-1/2"]
[ECO "E21"]
[WhiteElo "2452"]
[BlackElo "2330"]
[Annotator "TA"]
[PlyCount "45"]
[EventDate "2022.07.17"]
[EventType "swiss"]
[EventCountry "GRE"]
[SourceTitle "playchess.com"]
[Source "ChessBase"]
[SourceQuality "1"]
[TimeControl "40/5400+30:900+30"]

1. d4 Nf6 2. Nf3 e6 3. c4 Bb4+ 4. Nc3 Bxc3+ 5. bxc3 Ne4 6. Qc2 {[%emt 0:06:33] E21: Nimzo-Indian: 4 Nf3.} f5 7. g4 O-O 8. gxf5 {[%emt 0:05:41] White has an edge.} exf5 9. Rg1 d6 {[%emt 0:10:38] [#]} 10. Ng5 $146 ({Predecessor:} 10. Bh6 Rf7 11. Ng5 Nxg5 12. Bxg5 Qe8 13. e3 Nd7 14. Bd3 Nf8 15. h4 Bd7 16. h5 {1-0 (28) Ward,C (2431)-Salada,E Ghent 2008}) 10... Nc6 {[%emt 0:13:38] [#]} 11. Bg2 $1 $36 {[%emt 0:09:32][%cal Bf1g2,Bg2e4,Be4d3][%mdl 2080] White is more active.} Kh8 (11... Nf6 12. Qd3) 12. Nxe4 fxe4 13. Be3 ({White should play} 13. Bxe4 $14 Qh4 14. Rg3) 13... Na5 (13... Re8 $1 $15 {stays ahead.}) 14. Bxe4 $16 ({Don't play} 14. Qa4 c6 $14) 14... Qh4 {[%emt 0:06:31] Threatens to win with ...Re8.} 15. Bd3 $1 b6 16. O-O-O Ba6 17. d5 {[%emt 0:05:33] aiming for Rg3.} Rf7 (17... c5 $18) 18. Bd4 (18. Rg3 $16 Raf8 19. Qa4) 18... Bxc4 $2 ({Better is} 18... c6 $14) 19. Qa4 $18 {[%emt 0:03:17] The board is on fire.} Qh6+ 20. Be3 Qf6 21. Bd4 (21. Bc2 $1 $18) 21... Qh6+ $16 {[%emt 0:00:07] [#]} 22. Be3 (22. Kb1 $1 $16 {Hoping for Rxg7.} c5 23. dxc6 (23. Bxc4 cxd4 24. Ba6 dxc3 $17)) 22... Qf6 $18 {[%emt 0:00:07] [#]} 23. Bd4 $2 {[%emt 0:00:04] Weighted Error Value: White=0.31/Black=0.34} ({Only move:} 23. Bc2 $1 $18) 1/2-1/2

[Event "15th Paleochora Open 2022"]
[Site "Paleochora"]
[Date "2022.07.19"]
[Round "4.13"]
[White "Demchenko, Svitlana"]
[Black "Barbot, Pierre"]
[Result "1/2-1/2"]
[ECO "E52"]
[WhiteElo "2122"]
[BlackElo "2438"]
[Annotator "TA"]
[PlyCount "108"]
[EventDate "2022.07.17"]
[EventType "swiss"]
[EventCountry "GRE"]
[SourceTitle "playchess.com"]
[Source "ChessBase"]
[SourceQuality "1"]
[TimeControl "40/5400+30:900+30"]

1. d4 Nf6 2. c4 e6 3. Nc3 Bb4 4. e3 O-O 5. Bd2 b6 6. Bd3 Bb7 7. Nf3 d5 8. cxd5 exd5 9. Rc1 a6 10. O-O Bd6 11. Ne5 {[%emt 0:01:39] E52: Nimzo-Indian: Rubinstein: 4...0-0 5 Nf3 d5 6 Bd3 b6.} c5 12. f4 Nc6 13. Ne2 {[%emt 0:01:05] White has an edge.} Rc8 {[%emt 0:03:06] [#]} 14. Be1 $146 ({Predecessor:} 14. Bc3 c4 15. Bb1 Ne7 16. Ng3 Ne4 17. Qg4 f5 18. Qh3 b5 19. Be1 Qe8 20. Nh5 {1-0 (50) Kovalenko,I (2647)-Brkic,A (2621) Zagreb 2021}) 14... Ne4 15. Ng3 cxd4 (15... Ne7 {looks sharper.} 16. dxc5 Bxc5 17. Qe2 b5) 16. Nxc6 Rxc6 17. Rxc6 Bxc6 18. exd4 Qd7 19. f5 Bxg3 20. Bxg3 Bb5 21. b3 Rc8 22. Bxb5 axb5 23. Qe2 f6 24. Be1 Rc1 (24... h6 $17) 25. Bb4 $15 Qc6 26. Rxc1 $1 Qxc1+ {[%emt 0:00:06][%mdl 4096] Endgame KQB-KQN} 27. Be1 $1 h6 28. g3 Qa1 29. Kf1 Qxd4 30. Qxb5 {[%emt 0:00:06] [#]} Qe5 {[%emt 0:00:02] Inhibits Qe8+.} ({Much weaker is} 30... Qd1 31. Qe8+ Kh7 32. Qg6+ Kh8 33. Qe8+ Kh7 34. Qg6+ Kh8 35. Qe8+ Kh7 $11) (30... Kh7 $1 $17) 31. Qxb6 $11 {[%emt 0:03:12] Threatens to win with Qe6+.} Qxf5+ 32. Kg2 (32. Ke2 $11 {is superior.}) 32... Ng5 $17 33. Qb8+ Kh7 34. Qf4 {[%emt 0:00:04] [#] Prevents Qf3+.} Qc2+ (34... Qh3+ $1 $17 35. Kg1 Qe6) 35. Bf2 $11 Kg6 36. g4 Kf7 37. Qf5 Qc6 38. Kf1 Ne6 (38... Ne4 {feels hotter.} 39. Be1 d4 40. Ke2 g6) 39. Qf3 {[%emt 0:02:14] The position is equal.} Qc1+ 40. Kg2 Nf4+ 41. Kg3 g5 {[%emt 0:03:02] ( -> ...Qf1)} 42. Be3 Qe1+ 43. Qf2 Qc3 44. Qd2 {[%emt 0:10:13] Prevents d4.} d4 45. Qxc3 dxc3 {[%emt 0:00:04] KB-KN} 46. Kf3 c2 {[%emt 0:01:06] White must now prevent ...Nd3.} 47. a4 {[%emt 0:01:10] a5 is the strong threat.} Ke6 48. Ke4 {[%emt 0:01:03] Against Nd3} Ne2 49. a5 {[%emt 0:01:15] aiming for a6.} Kd6 50. a6 {[%emt 0:06:14] Hoping for a7.} Kc7 51. b4 ({Avoid the trap} 51. a7 $2 Kb7 52. Kf5 c1=Q $19) 51... c1=Q 52. Bxc1 Nxc1 53. Kf5 $1 Nd3 54. Kxf6 Nf2 {[%emt 0:00:47] Weighted Error Value: White=0.06 (flawless) /Black=0.09 (flawless)} 1/2-1/2

[Event "15th Paleochora Open 2022"]
[Site "Paleochora"]
[Date "2022.07.19"]
[Round "4.14"]
[White "Banikas, Hristos"]
[Black "Simonetto, Andrea"]
[Result "1/2-1/2"]
[ECO "D27"]
[WhiteElo "2598"]
[BlackElo "2273"]
[Annotator "TA"]
[PlyCount "84"]
[EventDate "2022.07.17"]
[EventType "swiss"]
[EventCountry "GRE"]
[SourceTitle "playchess.com"]
[Source "ChessBase"]
[SourceQuality "1"]
[TimeControl "40/5400+30:900+30"]

1. d4 d5 2. c4 dxc4 3. Nf3 Nf6 4. e3 e6 5. Bxc4 a6 6. O-O c5 7. Bd3 cxd4 8. exd4 Be7 9. Nc3 O-O 10. Bg5 Nc6 11. Rc1 b6 {[%emt 0:07:34] D27: Queen's Gambit Accepted: Classical main line: 7 e4!? and 7 a4.} 12. Bxf6 Bxf6 13. Be4 Bb7 14. d5 exd5 15. Nxd5 Rc8 {[%emt 0:08:15] [#]} 16. Nxf6+ $146 ({Predecessor:} 16. Qb3 b5 17. Rfd1 Na5 18. Rxc8 Bxc8 19. Qc2 g6 20. Qc5 Re8 21. b4 Nc4 22. Ne3 Qb6 23. Nd5 Qd8 24. Qc6 Kg7 25. Ne3 Qe7 26. Nd5 {½-½ (27) Carlsen,M (2127)-Hole,O (2248) Gausdal 2002}) 16... Qxf6 {[%emt 0:02:26] The position is equal.} 17. Qd7 Ba8 18. Rc3 Rcd8 19. Qh3 {[%emt 0:14:58][%csl Ge4][%cal Rh3h7] [#]} h6 20. Qf5 Qxf5 21. Bxf5 Nd4 22. Nxd4 Rxd4 23. Re1 g6 24. Bd3 a5 25. f3 Rfd8 26. Re3 Bd5 27. a3 Kg7 28. Kf2 Be6 29. Ke1 Kf6 30. Bc2 R8d6 31. Red3 Rxd3 32. Bxd3 $11 {[%emt 0:00:05][%mdl 4096] Endgame KRB-KRB} Bd5 33. Kf2 Rc6 34. Rxc6+ Bxc6 {[%emt 0:00:02] KB-KB} 35. f4 Ke6 36. g3 Kd5 37. Ke3 Be8 38. Bb1 f6 39. h4 g5 40. Ba2+ Kd6 41. fxg5 fxg5 42. hxg5 hxg5 {[%emt 0:00:01] An interesting draw.  Weighted Error Value: White=0.04 (flawless) /Black=0.05 (flawless)} 1/2-1/2

[Event "15th Paleochora Open 2022"]
[Site "Paleochora"]
[Date "2022.07.19"]
[Round "4.15"]
[White "Ali Marandi, Cemil Can"]
[Black "Baillon, Olivier"]
[Result "1-0"]
[ECO "D41"]
[WhiteElo "2561"]
[BlackElo "2219"]
[Annotator "TA"]
[PlyCount "65"]
[EventDate "2022.07.17"]
[EventType "swiss"]
[EventCountry "GRE"]
[SourceTitle "playchess.com"]
[Source "ChessBase"]
[SourceQuality "1"]
[TimeControl "40/5400+30:900+30"]

1. d4 d5 2. c4 e6 3. Nf3 Nf6 4. Nc3 c5 5. cxd5 Nxd5 6. e4 Nxc3 7. bxc3 Be7 8. Bd3 O-O 9. O-O cxd4 {[%emt 0:01:16] The main line 9...cxd4 scores better than 9...b6. D41: Queen's Gambit Declined: Semi-Tarrasch with 5 cxd5.} 10. cxd4 Nd7 (10... b6 $11 {remains equal.}) 11. Bf4 $16 {[%emt 0:06:39] [#]} Qa5 $146 {[%emt 0:02:54] White is better.} ({Predecessor:} 11... Nf6 12. Rc1 Bd7 13. Bc7 Qe8 14. Qb3 Bc6 15. Qb1 Rc8 16. Ba5 b6 17. Bd2 h6 {½-½ (57) Kalinitschew,S (2485)-Voigt,R (2325) Dresden 2002}) 12. Qe2 Re8 (12... Nb6 $142) 13. Rab1 a6 14. Rfc1 Ba3 15. Rc2 (15. Rc4 $18) 15... Qh5 (15... Be7 $16 16. e5 Rb8) 16. e5 Nf8 (16... f5 $142 17. Qd1 Nf8) 17. h3 $18 Be7 18. Kh2 Ng6 19. Bd2 f5 {[%emt 0:06:32] Inhibits g4.} 20. a4 {[%emt 0:06:03][%cal Ba2a4,Ba4a5][%mdl 32] Inhibits b5.} Bd8 21. a5 {[%emt 0:05:54] White is more active.} h6 22. Ne1 Qh4 (22... Qxe2 $16 23. Bxe2 Re7) 23. Rc4 (23. g4 $142) 23... Nf4 24. Qf3 Nd5 25. Bc2 Rf8 26. Nd3 Bd7 $2 (26... g5 27. g3 Qxh3+ 28. Kxh3 g4+ 29. Qxg4+ fxg4+ 30. Kxg4 Rf7) 27. Nc5 (27. g3 $142 Qe7 28. Rxb7) 27... Bb5 {[%emt 0:01:25] [#]} (27... Bc8 $142 28. Bb3 (28. Nxb7 Bc7 $16) 28... Qe7) 28. Nxe6 $1 Bxc4 29. Nxf8 {[%emt 0:00:10] Chess con chili.} Qxd4 {[%emt 0:00:33] [#]} 30. Qxf5 $40 {[%emt 0:01:23][%mdl 128] White goes for the king.} Qxd2 $4 (30... Ne7 $16 31. Qd7 Qxe5+ 32. f4 Qd5) 31. Ne6 Be7 {[%emt 0:00:57] Against Qf8+} 32. Qh7+ Kf7 33. Qg6+ {[%emt 0:00:03] Weighted Error Value: White=0.35/Black=0.53} 1-0